 Dungeon Crawl Stone Soup version 0.16.1-18-g436b03c (webtiles) character file.

529 BeatryczeBudyn the Skirmisher (level 7, -1/63 HPs)
             Began as a Minotaur Berserker on May 2, 2015.
             Was a Priest of Trog.
             Slain by a wight
             ... wielding a cursed +2 flail
              (10 damage)
             ... on level 6 of the Dungeon.
             The game lasted 00:38:33 (3264 turns).

BeatryczeBudyn the Skirmisher (Minotaur Berserker)  Turns: 3264, Time: 00:38:34

Health: -1/63      AC: 10    Str: 24    XL:     7   Next: 3%
Magic:  3/3        EV:  9    Int:  4    God:    Trog [***...]
Gold:   167        SH:  0    Dex:  9    Spells: 0 memorised, 6 levels left

rFire  . . .     SeeInvis .     a - +0 falchion
rCold  . . .     Clarity  .     e - +0 chain mail
rNeg   . . .     SustAb   .     (no shield)
rPois  .         Gourm    .     (helmet restricted)
rElec  .         Spirit   .     (no cloak)
rCorr  .         Warding  .     n - +0 pair of gloves
rMut   .         Stasis   .     (no boots)
MR     .....                    (no amulet)
Stlth  ..........               (no ring)
                                (no ring)

@: exhausted, slowed, drained, very slow, not resistant to hostile enchantments,
extremely unstealthy
A: retaliatory headbutt, horns 2
a: Burn Spellbooks, Berserk, Trog's Hand, Renounce Religion


You were on level 6 of the Dungeon.
You worshipped Trog.
Trog was most pleased with you.
You were not hungry.

You visited 1 branch of the dungeon, and saw 6 of its levels.

You collected 167 gold pieces.

Inventory:

Hand weapons
 a - a +0 falchion (weapon)
 h - a +0 mace
 k - a +0 quarterstaff
 l - a +0 dagger
 m - a +0 club
 o - a +0 whip
 p - a +0 club
 s - a +0 spear
 v - a +0 spear
 w - a +0 spear
 x - a +0 flail
 A - a +0 flail
Missiles
 d - 38 arrows
 f - 114 stones (quivered)
 r - 26 sling bullets
 u - 11 poisoned needles
Armour
 b - a +0 animal skin
 e - a +0 chain mail (worn)
 n - a +0 pair of gloves (worn)
 q - a +0 ring mail
Scrolls
 j - a scroll of remove curse
 y - a scroll of immolation {unknown}
Potions
 g - a potion of ambrosia
 i - a potion of flight {unknown}
 t - 3 potions of curing {unknown}
 B - a potion of heal wounds {unknown}
 C - a potion of cancellation {unknown}
Comestibles
 c - a bread ration
 z - a royal jelly


   Skills:
 + Level 6.0(5.7) Fighting
 + Level 6.0(5.7) Long Blades
 + Level 4.8(4.6) Armour
 + Level 3.8(3.6) Dodging
 + Level 0.5(0.2) Stealth


You had 6 spell levels left.
You didn't know any spells.

Dungeon Overview and Level Annotations

Branches:
Dungeon (6/15)
 Temple: D:4-7

Altars:
Elyvilon
Fedhas
Gozag
Okawaru
Vehumet

Annotations:
D:4 Edmund, Pikel


Innate Abilities, Weirdness & Mutations

You reflexively headbutt those who attack you in melee.
You have a pair of horns on your head.


Message History

You feel a strong urge to attack something.
You are no longer berserk.
You are exhausted.
You feel yourself slow down. The wight barely misses you.
You furiously retaliate!
You headbutt the wight. The goblin closely misses you.
The giant cockroach waves its antennae.
Items here: ))) [[[ You hit the goblin.
You headbutt the goblin.
The goblin is severely wounded.
The wight hits you with an enchanted flail.
* * * LOW HITPOINT WARNING * * *
The goblin barely misses you.
Your chain mail prevents you from hitting the goblin.
The goblin is severely wounded.
The goblin barely misses you. The wight hits you but does no damage.
The goblin hits you but does no damage.
You slash the wight!
The wight is severely damaged.
The wight hits you with an enchanted flail!
You die...

...# ... .....
.... ...... #.#.#
.?.....##....# .
........... .#
...#... #.#
#.#.#z####..###
#..sg@........#
#...<.###...###.#
###... #...# #
#...###...###.#
#.#...........#
#.#...........##
# #.............
# #.###...###..#
#.#. #...# .


You could see a wight, a giant cockroach and a goblin.

Vanquished Creatures
  A sky beast (D:5)
  3 wights (D:6)
  The ghost of asdu the Grasshopper, a weakling VSWr (D:3)
  A jelly (D:5)
  An orc priest (D:5)
  Natasha (thrice) (D:5)
  2 worker ants (D:5)
  A hound skeleton (D:5)
  3 gnolls (D:2)
  2 adders (D:2)
  2 shadow imps (D:5)
  An adder skeleton (D:5)
  3 giant geckos
  4 orcs (D:5)
  9 bats
  A bat skeleton (D:6)
  4 giant cockroaches
  10 hobgoblins
  2 jackals (D:2)
  5 goblins
  6 kobolds
  A quokka (D:5)
  7 rats
73 creatures vanquished.

Notes
Turn   | Place    | Note
--------------------------------------------------------------
     0 | D:1      | BeatryczeBudyn, the Minotaur Berserker, began the quest for the Orb.
     0 | D:1      | Reached XP level 1. HP: 19/19 MP: 1/1
   172 | D:1      | Reached skill level 4 in Fighting
   256 | D:1      | Reached XP level 2. HP: 27/27 MP: 1/1
   826 | D:2      | Acquired Trog's second power
   959 | D:2      | Reached XP level 3. HP: 30/34 MP: 2/2
  1333 | D:2      | Found a radiant altar of Vehumet.
  1337 | D:2      | Found a blossoming altar of Fedhas.
  1337 | D:2      | Found an opulent altar of Gozag.
  1347 | D:2      | Found an iron altar of Okawaru.
  1870 | D:2      | Found a white marble altar of Elyvilon.
  1923 | D:2      | Reached XP level 4. HP: 25/41 MP: 2/2
  2323 | D:3      | Noticed asdu's ghost (weakling VSWr)
  2330 | D:3      | Killed asdu's ghost
  2330 | D:3      | Reached skill level 5 in Fighting
  2381 | D:4      | Noticed Edmund
  2382 | D:4      | Noticed a slave
  2386 | D:4      | Noticed Pikel
  2395 | D:4      | Noticed a slave
  2404 | D:5      | Entered Level 5 of the Dungeon
  2440 | D:5      | Noticed a sky beast
  2450 | D:5      | Reached XP level 5. HP: 46/48 MP: 2/2
  2465 | D:5      | Killed a sky beast
  2465 | D:5      | Reached skill level 5 in Long Blades
  2598 | D:5      | Noticed Natasha
  2605 | D:5      | Killed Natasha
  2605 | D:5      | Reached XP level 6. HP: 46/56 MP: 3/3
  2920 | D:5      | Noticed Natasha
  2926 | D:5      | Killed Natasha
  3008 | D:5      | Noticed Natasha
  3012 | D:5      | Killed Natasha
  3258 | D:6      | Reached skill level 6 in Fighting
  3258 | D:6      | Reached XP level 7. HP: 15/63 MP: 3/3
  3264 | D:6      | Slain by a wight

Action                   |  1- 3 |  4- 6 |  7- 9 || total
-------------------------+-------+-------+-------++-------
Melee: Falchion          |    81 |   102 |     3 ||   186
Invok: Berserk           |     1 |     2 |       ||     3
  Use: Scroll            |     1 |     3 |       ||     4
  Eat: Chunk             |     2 |     2 |       ||     4
       Bread ration      |     1 |     1 |       ||     2
